APP
BRISTOL PIRATES @ JOHNSON CITY CARDINALS
06/01/2047
 
TOP OF THE 1ST
Bristol Pirates batting - Pitching for Johnson City Cardinals : LHP Andy Fitzsimmons
Pitching: LHP Andy Fitzsimmons
Batting: RHB Melvin Durland 0-0: Foul Ball, location: 2F
0-1: Fly out, F8 (Flyball, 78S, EV 86.9 MPH)
Batting: SHB Don Hauk 0-0: Foul Ball, location: 2F
0-1: Hit by Pitch
Batting: RHB Alain Marquet 0-0: Ball
1-0: Ball
2-0: Fly out, F6 (Popup, 6S, EV 74.4 MPH)
Batting: RHB Steve Terres 0-0: Called Strike
Don Hauk is caught stealing 2nd base 2-4
Top of the 1st over - 0 runs, 0 hits, 0 errors, 0 left on base; Bristol 0 - Johnson City 0
BOTTOM OF THE 1ST
Johnson City Cardinals batting - Pitching for Bristol Pirates : RHP Andres Guillen
Pitching: RHP Andres Guillen
Batting: RHB Sam Daw 0-0: Ball
1-0: Ball
2-0: Swinging Strike
2-1: SINGLE (Flyball, 3D, EV 90.0 MPH)
Batting: LHB Ignacio Ocampo 0-0: Ball
1-0: Ball
2-0: Called Strike
2-1: Foul Ball, location: 2F
2-2: Ball
3-2: Base on Balls
Sam Daw to second
Batting: SHB Justin Houser 0-0: Ball
1-0: SINGLE (Groundball, 4MD, EV 103.8 MPH)
Sam Daw to third
Ignacio Ocampo to second
Batting: LHB Ken Morehead 0-0: Ball
1-0: Foul Ball, location: 2F
1-1: Foul Ball, location: 2F
1-2: Strikes out swinging
Batting: SHB Steve Langlois 0-0: Called Strike
Balk!
Sam Daw scores
Ignacio Ocampo to third
Justin Houser to second
0-1: Ball
1-1: Ball
2-1: Ball
3-1: Base on Balls
Batting: RHB Sal Guzman 0-0: Called Strike
0-1: Foul Ball, location: 2F
0-2: Foul Ball, location: 2F
0-2: Ball
1-2: Strikes out swinging
Batting: RHB Johnny Lowe 0-0: Called Strike
0-1: Ball
1-1: Ball
2-1: Called Strike
2-2: SINGLE (Line Drive, 7S, EV 108.8 MPH)
Ignacio Ocampo scores
Justin Houser to third
Steve Langlois to second
Batting: RHB Geoff Musico 0-0: Called Strike
0-1: Foul Ball, location: 2F
0-2: Foul Ball, location: 2F
0-2: Ball
1-2: Strikes out swinging
Bottom of the 1st over - 2 runs, 3 hits, 0 errors, 3 left on base; Bristol 0 - Johnson City 2
TOP OF THE 2ND
Bristol Pirates batting - Pitching for Johnson City Cardinals : LHP Andy Fitzsimmons
Batting: RHB Steve Terres 0-0: Called Strike
0-1: Called Strike
0-2: Strikes out swinging, 2-3 out at first.
Batting: RHB Rusty Trader 0-0: Called Strike
0-1: Foul Ball, location: 2F
0-2: Ball
1-2: Ball
2-2: Ball
3-2: TRIPLE (Flyball, 89XD, EV 92.5 MPH)
Batting: LHB Norm Silveira-Wray 0-0: Ball
Wild Pitch!
Rusty Trader scores
1-0: Ball
2-0: Ground out 4-3 (Groundball, 4, EV 106.9 MPH)
Batting: RHB Jon Solis 0-0: Swinging Strike
0-1: Ball
1-1: Foul Ball, location: 2F
1-2: Strikes out swinging
Top of the 2nd over - 1 run, 1 hit, 0 errors, 0 left on base; Bristol 1 - Johnson City 2
BOTTOM OF THE 2ND
Johnson City Cardinals batting - Pitching for Bristol Pirates : RHP Andres Guillen
Batting: RHB Edgar Klockow 0-0: Called Strike
0-1: Called Strike
0-2: Ball
1-2: Foul Ball, location: 2F
1-2: Ball
2-2: Strikes out looking
Batting: RHB Sam Daw 0-0: Swinging Strike
0-1: Ball
1-1: Ground out 6-3 (Groundball, 6, EV 89.4 MPH)
Batting: LHB Ignacio Ocampo 0-0: Ground out 4-3 (Groundball, 4S, EV 63.8 MPH)
Bottom of the 2nd over - 0 runs, 0 hits, 0 errors, 0 left on base; Bristol 1 - Johnson City 2
TOP OF THE 3RD
Bristol Pirates batting - Pitching for Johnson City Cardinals : LHP Andy Fitzsimmons
Batting: RHB Erik Mulligan 0-0: SINGLE (Groundball, 6D, EV 108.1 MPH)
Batting: SHB Juan Ayala 0-0: Ball
1-0: Called Strike
1-1: Swinging Strike
1-2: Strikes out swinging
Batting: RHB Melvin Durland 0-0: Called Strike
0-1: Foul Ball, location: 2F
0-2: Ball
1-2: Ball
2-2: Ball
3-2: Strikes out looking
Batting: SHB Don Hauk 0-0: Called Strike
0-1: Ball
1-1: Ball
2-1: Ground out 4-3 (Groundball, 4, EV 103.1 MPH)
Top of the 3rd over - 0 runs, 1 hit, 0 errors, 1 left on base; Bristol 1 - Johnson City 2
BOTTOM OF THE 3RD
Johnson City Cardinals batting - Pitching for Bristol Pirates : RHP Andres Guillen
Batting: SHB Justin Houser 0-0: Called Strike
0-1: Ball
1-1: Ball
2-1: Foul Ball, location: 2F
2-2: Foul Ball, location: 2F
2-2: Ball
3-2: Base on Balls
Batting: LHB Ken Morehead 0-0: Ball
1-0: Foul Ball, location: 2F
1-1: Foul Ball, location: 2F
1-2: Ball
2-2: Ball
3-2: Ground out 4-3 (Groundball, 34, EV 101.2 MPH)
Justin Houser to second
Batting: SHB Steve Langlois 0-0: Ball
1-0: Called Strike
1-1: Ball
2-1: Called Strike
2-2: Foul Ball, location: 2F
2-2: Ground out 4-3 (Groundball, 34D, EV 101.2 MPH)
Justin Houser to third
Batting: RHB Sal Guzman 0-0: Ball
Wild Pitch!
Justin Houser scores
1-0: Ball
2-0: Ball
3-0: Foul Ball, location: 2F
3-1: Base on Balls
Batting: RHB Johnny Lowe 0-0: Swinging Strike
0-1: Ball
1-1: Called Strike
1-2: Hit by Pitch
Sal Guzman to second
Batting: RHB Geoff Musico 0-0: Ball
1-0: Ball
2-0: Ball
3-0: Called Strike
3-1: Base on Balls
Sal Guzman to third
Johnny Lowe to second
Batting: RHB Edgar Klockow 0-0: Ball
1-0: Foul Ball, location: 2F
1-1: Ball
2-1: Ball
3-1: Swinging Strike
3-2: Foul Ball, location: 2F
3-2: Foul Ball, location: 2F
3-2: Foul Ball, location: 2F
3-2: Base on Balls
Sal Guzman scores
Johnny Lowe to third
Geoff Musico to second
Batting: RHB Sam Daw 0-0: Called Strike
0-1: Called Strike
0-2: Strikes out swinging
Bottom of the 3rd over - 2 runs, 0 hits, 0 errors, 3 left on base; Bristol 1 - Johnson City 4
TOP OF THE 4TH
Bristol Pirates batting - Pitching for Johnson City Cardinals : LHP Andy Fitzsimmons
Batting: RHB Alain Marquet 0-0: DOUBLE (Groundball, 5L, EV 101.2 MPH)
Batting: RHB Steve Terres 0-0: Called Strike
0-1: Foul Ball, location: 2F
0-2: Ground out 5-3 (Groundball, 5, EV 84.4 MPH)
Batting: RHB Rusty Trader 0-0: Foul Ball, location: 2F
0-1: Ball
1-1: Called Strike
1-2: Foul Ball, location: 2F
1-2: Ball
2-2: Strikes out swinging
Batting: LHB Norm Silveira-Wray 0-0: Ball
1-0: Ball
2-0: Called Strike
2-1: SINGLE (Groundball, 34S, EV 71.2 MPH) (infield hit)
Alain Marquet to third
Batting: RHB Jon Solis 0-0: Ball
1-0: Foul Ball, location: 2F
1-1: Ball
2-1: Foul Ball, location: 2F
2-2: Strikes out swinging
Top of the 4th over - 0 runs, 2 hits, 0 errors, 2 left on base; Bristol 1 - Johnson City 4
BOTTOM OF THE 4TH
Johnson City Cardinals batting - Pitching for Bristol Pirates : RHP Andres Guillen
Batting: LHB Ignacio Ocampo 0-0: Ball
1-0: Foul Ball, location: 2F
1-1: Foul Ball, location: 2F
1-2: SINGLE (Groundball, 4, EV 95.6 MPH)
Pitching: RHP Randy Nelligan
Batting: SHB Justin Houser 0-0: Called Strike
0-1: Ball
1-1: Ball
2-1: Called Strike
Ignacio Ocampo steals 2nd base
2-2: Fly out, F9 (Flyball, 9LS, EV 80.6 MPH)
Batting: LHB Ken Morehead 0-0: Ball
Ignacio Ocampo is caught stealing 3rd base 2-5
1-0: Ball
2-0: Ball
3-0: Base on Balls
Batting: SHB Steve Langlois 0-0: Called Strike
0-1: Fielders Choice at 2nd, 6-4 (Groundball, 6, EV 108.8 MPH)
Bottom of the 4th over - 0 runs, 1 hit, 0 errors, 1 left on base; Bristol 1 - Johnson City 4
TOP OF THE 5TH
Bristol Pirates batting - Pitching for Johnson City Cardinals : LHP Andy Fitzsimmons
Batting: RHB Erik Mulligan 0-0: Called Strike
0-1: Foul Ball, location: 2F
0-2: Ball
1-2: Ground out 6-3 (Groundball, 6, EV 86.9 MPH)
Batting: SHB Juan Ayala 0-0: Hit by Pitch
Batting: RHB Melvin Durland 0-0: Fly out, F8 (Flyball, 8LM, EV 90.6 MPH)
Batting: SHB Don Hauk 0-0: Foul Ball, location: 2F
0-1: Swinging Strike
0-2: SINGLE (Line Drive, 34D, EV 98.1 MPH)
Juan Ayala to second
Throwing error, E9
Juan Ayala scores
Don Hauk to second
Batting: RHB Alain Marquet 0-0: Called Strike
0-1: Ball
1-1: Called Strike
1-2: DOUBLE (Line Drive, 89M, EV 94.4 MPH)
Don Hauk scores
Batting: RHB Steve Terres 0-0: Ball
1-0: Called Strike
1-1: Foul Ball, location: 2F
1-2: Ball
2-2: Ball
3-2: Base on Balls
Batting: RHB Rusty Trader 0-0: Foul Ball, location: 2F
0-1: Ball
Wild Pitch!
Alain Marquet to third
Steve Terres to second
1-1: Foul Ball, location: 2F
1-2: Strikes out swinging
Top of the 5th over - 2 runs, 2 hits, 1 error, 2 left on base; Bristol 3 - Johnson City 4
BOTTOM OF THE 5TH
Johnson City Cardinals batting - Pitching for Bristol Pirates : RHP Randy Nelligan
Batting: RHB Sal Guzman 0-0: Ball
1-0: Ball
2-0: Swinging Strike
2-1: Foul Ball, location: 2F
2-2: Strikes out swinging
Batting: RHB Johnny Lowe 0-0: Swinging Strike
0-1: Ball
1-1: Ball
2-1: Called Strike
2-2: Ball
3-2: Base on Balls
Batting: RHB Geoff Musico 0-0: Ball
1-0: Ball
2-0: Foul Ball, location: 2F
2-1: Foul Ball, location: 2F
2-2: Ball
Passed Ball!
Johnny Lowe to second
3-2: Foul Ball, location: 2F
3-2: Base on Balls
Batting: RHB Edgar Klockow 0-0: Ball
1-0: Fielders Choice at 2nd, 6-4 (Groundball, 6, EV 100.0 MPH)
Johnny Lowe to third
Batting: RHB Sam Daw 0-0: Called Strike
0-1: Called Strike
0-2: Ball
1-2: Ball
2-2: Ball
3-2: Base on Balls
Edgar Klockow to second
Batting: LHB Ignacio Ocampo 0-0: Ball
1-0: Foul Ball, location: 2F
1-1: Called Strike
1-2: GRAND SLAM HOME RUN (Flyball, 9LD, EV 91.9 MPH), Distance : 335 ft
Pitching: RHP Sakio Miyamoto
Batting: SHB Justin Houser 0-0: Ball
1-0: Called Strike
1-1: Ball
2-1: Ball
3-1: Base on Balls
Batting: LHB Ken Morehead 0-0: Ball
1-0: Ball
2-0: Called Strike
2-1: Ball
3-1: Foul Ball, location: 2F
3-2: Foul Ball, location: 2F
3-2: Base on Balls
Justin Houser to second
Batting: SHB Steve Langlois 0-0: Ground out 4-3 (Groundball, 4, EV 101.2 MPH)
Bottom of the 5th over - 4 runs, 1 hit, 0 errors, 2 left on base; Bristol 3 - Johnson City 8
TOP OF THE 6TH
Bristol Pirates batting - Pitching for Johnson City Cardinals : LHP Andy Fitzsimmons
Batting: LHB Norm Silveira-Wray 0-0: Ball
1-0: Ball
2-0: Ball
3-0: Called Strike
3-1: Foul Ball, location: 2F
3-2: Foul Ball, location: 2F
3-2: Foul Ball, location: 2F
3-2: Foul Ball, location: 2F
3-2: Base on Balls
Batting: RHB Jon Solis 0-0: Swinging Strike
0-1: Ball
Wild Pitch!
Norm Silveira-Wray to second
1-1: Called Strike
1-2: Strikes out swinging
Batting: RHB Erik Mulligan 0-0: Ball
1-0: Ball
2-0: Ball
3-0: Called Strike
3-1: Base on Balls
Batting: SHB Juan Ayala 0-0: Foul Ball, location: 2F
0-1: TRIPLE (Flyball, 89XD, EV 101.9 MPH)
Norm Silveira-Wray scores
Erik Mulligan scores
Pitching: RHP Tony Bonilla
Batting: RHB Melvin Durland 0-0: Ball
1-0: Called Strike
1-1: Swinging Strike
1-2: Ball
2-2: Ball
3-2: Foul Ball, location: 2F
3-2: Foul Ball, location: 2F
3-2: Fly out, F9 (Line Drive, 9S, EV 103.8 MPH)
Batting: SHB Don Hauk 0-0: Foul Ball, location: 2F
0-1: Ball
1-1: Foul Ball, location: 2F
1-2: Strikes out swinging
Top of the 6th over - 2 runs, 1 hit, 0 errors, 1 left on base; Bristol 5 - Johnson City 8
BOTTOM OF THE 6TH
Johnson City Cardinals batting - Pitching for Bristol Pirates : RHP Sakio Miyamoto
Batting: RHB Sal Guzman 0-0: Foul Ball, location: 2F
0-1: Ball
1-1: Ball
2-1: Swinging Strike
2-2: Strikes out swinging
Batting: RHB Johnny Lowe 0-0: Ball
1-0: Foul Ball, location: 2F
1-1: Swinging Strike
1-2: Foul Ball, location: 2F
1-2: Foul Ball, location: 2F
1-2: Strikes out swinging
Batting: RHB Geoff Musico 0-0: Foul Ball, location: 2F
0-1: Ball
1-1: Foul Ball, location: 2F
1-2: Ball
2-2: Strikes out looking
Bottom of the 6th over - 0 runs, 0 hits, 0 errors, 0 left on base; Bristol 5 - Johnson City 8
TOP OF THE 7TH
Bristol Pirates batting - Pitching for Johnson City Cardinals : RHP Tony Bonilla
Batting: RHB Alain Marquet 0-0: Hit by Pitch
Batting: RHB Steve Terres 0-0: Called Strike
0-1: SINGLE (Line Drive, 6D, EV 99.4 MPH)
Alain Marquet to second
Batting: RHB Rusty Trader 0-0: Called Strike
0-1: Ball
1-1: Foul Ball, location: 2F
1-2: DOUBLE (Line Drive, 3D, EV 107.5 MPH)
Alain Marquet scores
Steve Terres to third
Batting: LHB Norm Silveira-Wray 0-0: Ball
1-0: Ball
2-0: Ball
3-0: Base on Balls
Pinch Hitting: SHB Ronnie Brooks 0-0: Called Strike
0-1: Swinging Strike
0-2: Ball
Passed Ball!
Steve Terres scores
Rusty Trader to third
Norm Silveira-Wray to second
1-2: Foul Ball, location: 2F
1-2: Strikes out looking
Pitching: RHP Nick Durham
Pinch Hitting: LHB Chad Cutler 0-0: Called Strike
0-1: Swinging Strike
0-2: Strikes out swinging
Batting: SHB Juan Ayala 0-0: Swinging Strike
0-1: Foul Ball, location: 2F
0-2: Strikes out swinging
Top of the 7th over - 2 runs, 2 hits, 0 errors, 2 left on base; Bristol 7 - Johnson City 8
BOTTOM OF THE 7TH
Johnson City Cardinals batting - Pitching for Bristol Pirates : RHP Sakio Miyamoto
Pitching: RHP Frank Morris
Now at SS: Ronnie Brooks
Now in CF: Chad Cutler
Batting: RHB Edgar Klockow 0-0: Called Strike
0-1: Ball
1-1: Foul Ball, location: 2F
1-2: Ball
2-2: Strikes out swinging
Batting: RHB Sam Daw 0-0: Ball
1-0: Foul Ball, location: 2F
1-1: Fly out, F7 (Flyball, 7, EV 87.5 MPH)
Batting: LHB Ignacio Ocampo 0-0: Ball
1-0: SINGLE (Groundball, 25, EV 69.4 MPH) (infield hit)
Batting: SHB Justin Houser 0-0: Called Strike
Ignacio Ocampo steals 2nd base (no throw)
0-1: Swinging Strike
0-2: Foul Ball, location: 2F
0-2: Strikes out swinging
Bottom of the 7th over - 0 runs, 1 hit, 0 errors, 1 left on base; Bristol 7 - Johnson City 8
TOP OF THE 8TH
Bristol Pirates batting - Pitching for Johnson City Cardinals : RHP Nick Durham
Batting: RHB Melvin Durland 0-0: Called Strike
0-1: Ground out U3 (Groundball, 3S, EV 74.4 MPH)
Batting: SHB Don Hauk 0-0: Called Strike
0-1: Foul Ball, location: 2F
0-2: Strikes out swinging
Batting: RHB Alain Marquet 0-0: Swinging Strike
0-1: Foul Ball, location: 2F
0-2: Ball
1-2: Strikes out looking
Top of the 8th over - 0 runs, 0 hits, 0 errors, 0 left on base; Bristol 7 - Johnson City 8
BOTTOM OF THE 8TH
Johnson City Cardinals batting - Pitching for Bristol Pirates : RHP Frank Morris
Batting: LHB Ken Morehead 0-0: Foul Ball, location: 2F
0-1: Foul Ball, location: 2F
0-2: Foul Ball, location: 2F
0-2: Strikes out swinging
Batting: SHB Steve Langlois 0-0: Ball
1-0: Ball
2-0: Ground out 6-3 (Groundball, 6, EV 88.1 MPH)
Batting: RHB Sal Guzman 0-0: Ball
1-0: Ball
2-0: Called Strike
2-1: Foul Ball, location: 2F
2-2: Ball
3-2: Foul Ball, location: 2F
3-2: Ground out 5-3 (Groundball, 5, EV 88.8 MPH)
Bottom of the 8th over - 0 runs, 0 hits, 0 errors, 0 left on base; Bristol 7 - Johnson City 8
TOP OF THE 9TH
Bristol Pirates batting - Pitching for Johnson City Cardinals : RHP Nick Durham
Pitching: RHP Ricky Enriquez
Batting: RHB Steve Terres 0-0: Ball
1-0: Foul Ball, location: 2F
1-1: Foul Ball, location: 2F
1-2: Ground out 4-3 (Groundball, 4, EV 101.9 MPH)
Batting: RHB Rusty Trader 0-0: Foul Ball, location: 2F
0-1: Ball
1-1: Called Strike
1-2: Ball
2-2: Strikes out swinging
Batting: LHB Norm Silveira-Wray 0-0: Ball
1-0: Ball
2-0: Ball
3-0: Called Strike
3-1: Base on Balls
Batting: SHB Ronnie Brooks 0-0: Foul Ball, location: 2F
0-1: Swinging Strike
0-2: Strikes out swinging
Top of the 9th over - 0 runs, 0 hits, 0 errors, 1 left on base; Bristol 7 - Johnson City 8
Thursday, December 15th , 2022 - OOTP Baseball 23.9 Build 102